[Event "Hunan Belt and Road Open 2019"]
[Site "Hunan"]
[Date "2019.08.05"]
[Round "8.28"]
[White "Lou, Yiping"]
[Black "Lin, Yi"]
[Result "0-1"]
[ECO "D85"]
[WhiteElo "2489"]
[BlackElo "2406"]
[Annotator "ChessBase"]
[PlyCount "146"]
[EventDate "2019.07.29"]
[EventType "swiss"]
[EventCountry "CHN"]
[SourceTitle "playchess.com"]
[Source "ChessBase"]
[SourceQuality "1"]
[TimeControl "5400+30"]

1. c4 g6 2. Nf3 Nf6 3. Nc3 d5 4. cxd5 Nxd5 5. Qb3 Nb6 6. d4 Be6 7. Qc2 Bg7 8. e4 Bg4 9. Be3 O-O 10. Ne5 Be6 11. O-O-O Nc6 12. f4 Nxe5 13. dxe5 Qc8 14. h4 h5 15. Kb1 c6 16. Ne2 Bg4 17. Rd2 Rd8 18. Nd4 c5 19. Nb3 Rxd2 20. Nxd2 Nd7 21. Bc4 b6 22. Qb3 e6 23. Nf3 Qb7 24. Bd3 Rc8 25. Rc1 Bxf3 26. gxf3 Qc7 27. f5 Nxe5 28. Ba6 Rd8 29. Bg5 Rd4 30. f4 Ng4 31. fxe6 fxe6 32. Qxe6+ Qf7 33. Qc8+ Kh7 34. e5 Ne3 35. Bb5 Rxf4 36. Bxf4 Qxf4 37. Qd7 Qxe5 38. Qd2 Nf5 39. Re1 Qf6 40. Bd3 Nxh4 41. Rf1 Qe5 42. a3 Nf5 43. Bxf5 gxf5 44. Qc2 Kg6 45. Qg2+ Kf7 46. Qb7+ Kg6 47. Qg2+ Kf6 48. Qc6+ Qe6 49. Qf3 h4 50. Qf4 Qe5 51. Qxh4+ Kf7 52. Qf2 Bf6 53. Re1 Qd4 54. Qe2 f4 55. Rf1 c4 56. Ka2 a5 57. Rd1 Qc5 58. Rd7+ Kg6 59. Qe8+ Kf5 60. Qh5+ Ke4 61. Qe2+ Kf5 62. Qf3 Be5 63. Rf7+ Ke6 64. Qh5 Bf6 65. Qxc5 bxc5 66. Rh7 f3 67. Rh3 f2 68. Rf3 Bd4 69. Kb1 Ke5 70. Kc2 Ke4 71. Rf8 Ke3 72. Kd1 Be5 73. a4 Bf4 0-1

[Event "Hunan Belt and Road Open 2019"]
[Site "Hunan"]
[Date "2019.08.05"]
[Round "8.30"]
[White "Raja Harshit"]
[Black "Fang, Yuxiang"]
[Result "1/2-1/2"]
[ECO "C54"]
[WhiteElo "2434"]
[BlackElo "2476"]
[Annotator "ChessBase"]
[PlyCount "58"]
[EventDate "2019.07.29"]
[EventType "swiss"]
[EventCountry "CHN"]
[SourceTitle "playchess.com"]
[Source "ChessBase"]
[SourceQuality "1"]
[TimeControl "5400+30"]

1. e4 e5 2. Nf3 Nc6 3. Bc4 Nf6 4. d3 Bc5 5. c3 d6 6. O-O h6 7. Re1 O-O 8. Nbd2 a5 9. h3 Be6 10. Bb5 Na7 11. Ba4 b5 12. Bc2 Nc6 13. Nf1 Bb6 14. d4 Bd7 15. a4 bxa4 16. Ng3 Re8 17. Bb1 Na7 18. Bd2 c5 19. dxe5 dxe5 20. Ba2 Nb5 21. Qc1 Nd6 22. Bxh6 gxh6 23. Qxh6 c4 24. Qg5+ Kh8 25. Qh6+ Kg8 26. Qg5+ Kh8 27. Qh6+ Kg8 28. Qg5+ Kh8 29. Qh6+ Kg8 1/2-1/2

[Event "Hunan Belt and Road Open 2019"]
[Site "Hunan"]
[Date "2019.08.05"]
[Round "8.32"]
[White "Xiang, Zeyu"]
[Black "Xie, Jianjun"]
[Result "1-0"]
[ECO "A90"]
[WhiteElo "2447"]
[BlackElo "2417"]
[Annotator "ChessBase"]
[PlyCount "65"]
[EventDate "2019.07.29"]
[EventType "swiss"]
[EventCountry "CHN"]
[SourceTitle "playchess.com"]
[Source "ChessBase"]
[SourceQuality "1"]
[TimeControl "5400+30"]

1. d4 f5 2. g3 Nf6 3. Bg2 e6 4. Nf3 d5 5. O-O Bd6 6. c4 O-O 7. Nbd2 c6 8. Ne5 Nbd7 9. Nd3 Kh8 10. Qc2 Qe8 11. Nf3 Ne4 12. Bf4 Be7 13. b4 g5 14. Bc7 Qh5 15. b5 Ndf6 16. bxc6 bxc6 17. Nfe5 Qe8 18. c5 Ng8 19. f3 Nef6 20. Qa4 Bb7 21. Rab1 Qc8 22. Bd6 Ne8 23. Qb4 Ba6 24. Bxe7 Nxe7 25. Qd2 Bxd3 26. Nxd3 h6 27. h4 Rg8 28. hxg5 Rxg5 29. Kf2 Ng6 30. Rh1 Kg7 31. Rxh6 Qd8 32. Rbh1 Rb8 33. Nf4 1-0

[Event "Hunan Belt and Road Open 2019"]
[Site "Hunan"]
[Date "2019.08.05"]
[Round "8.33"]
[White "Munkhgal, Gombosuren"]
[Black "Xu, Minghui"]
[Result "0-1"]
[ECO "D02"]
[WhiteElo "2442"]
[BlackElo "2401"]
[Annotator "ChessBase"]
[PlyCount "150"]
[EventDate "2019.07.29"]
[EventType "swiss"]
[EventCountry "CHN"]
[SourceTitle "playchess.com"]
[Source "ChessBase"]
[SourceQuality "1"]
[TimeControl "5400+30"]

1. d4 d5 2. Nf3 Nf6 3. Bf4 e6 4. e3 Bd6 5. Bg3 c5 6. Nbd2 O-O 7. c3 Qc7 8. dxc5 Qxc5 9. Bd3 Rd8 10. Qe2 Nbd7 11. e4 dxe4 12. Bxe4 Nb6 13. Rd1 Qc7 14. Ne5 Bd7 15. Bb1 Ba4 16. b3 Nbd5 17. bxa4 Nxc3 18. Qc4 Nxd1 19. Qxc7 Bxc7 20. Kxd1 Nd5 21. Nec4 Rac8 22. Kc2 Ba5 23. Kb3 Bxd2 24. Nxd2 Nc3 25. Ne4 Nxb1 26. Rxb1 Rd3+ 27. Kb2 Rc4 28. Rc1 Rxc1 29. Kxc1 Ra3 30. Kb2 Rxa4 31. f3 b6 32. Bb8 a6 33. Kb3 Rd4 34. Bc7 Rd7 35. Bg3 f6 36. a4 Kf8 37. Bf2 Rb7 38. Nd6 Rb8 39. Bg3 Rd8 40. Ne4 Rc8 41. Bf2 Rc6 42. Nd2 Kf7 43. Be3 h5 44. h4 e5 45. Ne4 Ke6 46. Kb2 Kd5 47. Kb3 Re6 48. Nc3+ Kc6 49. Kc4 f5 50. g3 Rd6 51. Ne2 Rd1 52. f4 b5+ 53. axb5+ axb5+ 54. Kc3 e4 55. Kc2 Rd3 56. Bf2 Kd5 57. Nc3+ Kc4 58. Nd1 Rf3 59. Ba7 Kb4 60. Ne3 g6 61. Nd5+ Kc4 62. Ne3+ Kb4 63. Nd5+ Ka4 64. Nc3+ Ka5 65. Ne2 b4 66. Bd4 Kb5 67. Bf6 Kc4 68. Bb2 b3+ 69. Kd2 e3+ 70. Ke1 Kd3 71. Bf6 Rf2 72. Nc1+ Kc2 73. Bd4 Kxc1 74. Bxe3+ Kc2 75. Kxf2 b2 0-1

[Event "Hunan Belt and Road Open 2019"]
[Site "Hunan"]
[Date "2019.08.05"]
[Round "8.34"]
[White "Xu, Jun"]
[Black "Batsiashvili, Nino"]
[Result "1-0"]
[ECO "E12"]
[WhiteElo "2477"]
[BlackElo "2433"]
[Annotator "ChessBase"]
[PlyCount "102"]
[EventDate "2019.07.29"]
[EventType "swiss"]
[EventCountry "CHN"]
[SourceTitle "playchess.com"]
[Source "ChessBase"]
[SourceQuality "1"]
[TimeControl "5400+30"]

1. d4 Nf6 2. c4 e6 3. Nf3 b6 4. a3 Bb7 5. Nc3 Ne4 6. Nxe4 Bxe4 7. Nd2 Bg6 8. g3 Nc6 9. e3 e5 10. d5 Na5 11. b4 Nb7 12. Bb2 Bd6 13. Bg2 a5 14. Bc3 O-O 15. O-O Qe7 16. Ne4 Bxe4 17. Bxe4 f5 18. Bg2 e4 19. Qb3 Be5 20. f3 exf3 21. Bxf3 d6 22. Bg2 Qf6 23. Rac1 axb4 24. axb4 Bxc3 25. Qxc3 Qxc3 26. Rxc3 Ra4 27. Rb3 g6 28. h4 Rfa8 29. e4 fxe4 30. Bxe4 Ra3 31. Rbf3 Rxf3 32. Bxf3 Ra3 33. Kg2 Nd8 34. Bg4 Rc3 35. Rf4 Re3 36. h5 g5 37. Rf1 Re4 38. Kh3 Rxc4 39. h6 Re4 40. Bh5 Re5 41. Ra1 Kf8 42. Ra8 Ke7 43. Rc8 g4+ 44. Kh4 Rxd5 45. Rxc7+ Kf6 46. Rxh7 Rd2 47. Rd7 Nc6 48. Rf7+ Ke6 49. h7 Ne5 50. Rf8 Rh2+ 51. Kg5 Kd5 1-0

[Event "Hunan Belt and Road Open 2019"]
[Site "Hunan"]
[Date "2019.08.05"]
[Round "8.35"]
[White "Li, Yankai"]
[Black "Setyaki, Azarya Jodi"]
[Result "0-1"]
[ECO "D90"]
[WhiteElo "2439"]
[BlackElo "2409"]
[Annotator "ChessBase"]
[PlyCount "42"]
[EventDate "2019.07.29"]
[EventType "swiss"]
[EventCountry "CHN"]
[SourceTitle "playchess.com"]
[Source "ChessBase"]
[SourceQuality "1"]
[TimeControl "5400+30"]

1. d4 Nf6 2. c4 g6 3. Nc3 d5 4. Nf3 Bg7 5. h4 c6 6. Bg5 O-O 7. Bxf6 Bxf6 8. e3 Bg4 9. cxd5 cxd5 10. Qb3 Bxf3 11. gxf3 e6 12. Qxb7 Nd7 13. h5 Rb8 14. Qxa7 Rxb2 15. hxg6 hxg6 16. Bb5 Ne5 17. O-O-O Rxf2 18. dxe5 Bxe5 19. Rdg1 Bg7 20. Bd7 Qf6 21. Qd4 Qf5 0-1

[Event "Hunan Belt and Road Open 2019"]
[Site "Hunan"]
[Date "2019.08.05"]
[Round "8.36"]
[White "Lin, Weiguo"]
[Black "Li, Shilong"]
[Result "0-1"]
[ECO "E69"]
[WhiteElo "2408"]
[BlackElo "2457"]
[Annotator "ChessBase"]
[PlyCount "102"]
[EventDate "2019.07.29"]
[EventType "swiss"]
[EventCountry "CHN"]
[SourceTitle "playchess.com"]
[Source "ChessBase"]
[SourceQuality "1"]
[TimeControl "5400+30"]

1. d4 Nf6 2. c4 g6 3. g3 Bg7 4. Bg2 O-O 5. Nc3 d6 6. Nf3 Nbd7 7. O-O e5 8. e4 c6 9. h3 Qb6 10. Re1 exd4 11. Nxd4 Re8 12. Nb3 Ne5 13. Bf1 Be6 14. Be3 c5 15. Nd5 Bxd5 16. exd5 Ne4 17. Kg2 a5 18. Rb1 a4 19. Nd2 Nd7 20. Nxe4 Rxe4 21. Qc2 Ree8 22. h4 h5 23. Be2 Qc7 24. Bf4 a3 25. b3 Ne5 26. Rbd1 Qd7 27. Bc1 Kf8 28. Bf1 Ng4 29. Rxe8+ Qxe8 30. Be2 Nh6 31. Bd3 Ng4 32. Rd2 Qe5 33. Re2 Qa1 34. Bf4 Ne5 35. Bxe5 dxe5 36. b4 cxb4 37. Bxg6 fxg6 38. Qxg6 b3 39. Re3 Qd1 40. Rxe5 bxa2 41. Rf5+ Kg8 42. Qf7+ Kh8 43. Rxh5+ Qxh5 44. Qxh5+ Kg8 45. d6 a1=Q 46. Qd5+ Kf8 47. Qxb7 Re8 48. Qf3+ Bf6 49. c5 Qc3 50. Qf5 a2 51. d7 Rd8 0-1

[Event "Hunan Belt and Road Open 2019"]
[Site "Hunan"]
[Date "2019.08.06"]
[Round "9.4"]
[White "Wei, Yi"]
[Black "Narayanan.S.L"]
[Result "1-0"]
[ECO "D00"]
[WhiteElo "2737"]
[BlackElo "2616"]
[Annotator "RC"]
[PlyCount "151"]
[EventDate "2019.07.29"]
[EventType "swiss"]
[EventCountry "CHN"]
[SourceTitle "playchess.com"]
[Source "ChessBase"]
[SourceQuality "1"]
[TimeControl "5400+30"]

1. d4 Nf6 2. Bg5 d5 3. e3 c5 4. c3 Nc6 5. Nd2 Qb6 6. Qc2 g6 7. dxc5 Qxc5 8. Bxf6 exf6 9. Rd1 Be6 10. Nb3 Qb6 11. Ne2 Bh6 12. Ned4 f5 13. g3 O-O 14. Bg2 Rac8 15. O-O Rfd8 16. Ne2 Ne5 17. Rd4 Nc4 18. Nf4 Bxf4 19. exf4 a5 20. a4 Bd7 21. Ra1 Bc6 22. Ra2 Re8 23. Rd1 Rc7 24. Nd4 Rce7 25. Bf1 Re1 26. Rxe1 Rxe1 27. b3 Nd6 28. Qd2 Re8 29. f3 Bd7 30. Kg2 Qc5 31. b4 Qc7 32. b5 b6 33. Bd3 Qc5 34. Nb3 Qc7 35. Ra1 Rc8 36. Rc1 Nc4 37. Qf2 Qd6 38. Ra1 Qc7 39. Nd4 Qc5 40. Bxc4 Qxc4 41. Ra3 Re8 42. Qf1 Re3 43. Qxc4 dxc4 44. Kf2 Rd3 45. Ke2 Kf8 46. Nc2 Ke7 47. Ne1 Rd6 48. Ra2 Be6 49. Rd2 h5 50. Nc2 Rxd2+ 51. Kxd2 Kd6 52. Ne3 f6 53. Ke1 Ke7 54. Kf2 Bf7 55. Nc2 Bd5 56. Ke3 Kd6 57. Kd4 Bxf3 58. Ne3 Be4 59. Nxc4+ Kc7 60. Ne3 Kd6 61. Nc4+ Kc7 62. Ne3 Kd6 63. h4 Bb7 64. Nc4+ Kc7 65. Ne3 Kd6 66. Nc4+ Kc7 67. Nd2 Kd6 68. c4 Bg2 69. Nb3 Bf3 70. c5+ bxc5+ 71. Nxc5 Bd5 72. Nd7 Bb3 73. Nb6 Bd1 74. Nc4+ Kc7 75. Kc5 Bxa4 76. Nxa5 1-0